 Dungeon Crawl Stone Soup version 0.22.0 (webtiles) character file.

382 inmateoo the Stinger (level 6, -1/43 HPs)
             Began as an Octopode Venom Mage on Aug 11, 2018.
             Killed from afar by an orc wizard (8 damage)
             ... with a puff of flame
             ... on level 4 of the Dungeon.
             The game lasted 00:05:01 (4167 turns).

inmateoo the Stinger (Octopode Venom Mage)          Turns: 4167, Time: 00:05:02

Health: -1/43      AC:  1    Str:  7    XL:     6   Next: 76%
Magic:  6/10       EV: 15    Int: 19    God:
Gold:   161        SH:  0    Dex: 13    Spells: 1/11 levels left

rFire    . . .     SeeInvis .   j - +2 halberd (freeze)
rCold    . . .     Gourm    .   (shield currently unavailable)
rNeg     . . .     Faith    .   (helmet restricted)
rPois    .         Spirit   .   (no amulet)
rElec    .         Reflect  .   k - ring of flight
rCorr    .         Harm     .   (no ring)
MR       .....                  (no ring)
Stlth    ++........             (no ring)
HPRegen  0.14/turn              (no ring)
MPRegen  0.12/turn              (no ring)
                                (no ring)
                                (no ring)

@: confused
A: almost no armour, stealthy swim, amphibious, 8 rings, constrict 8, camouflage
1, gelatinous body 1
a: Evoke Flight


You were on level 4 of the Dungeon.
You were not hungry.

You visited 1 branch of the dungeon, and saw 4 of its levels.

You collected 161 gold pieces.

Inventory:

Hand Weapons
 j - a +2 halberd of freezing (weapon)
Jewellery
 k - a ring of flight (left tentacle)
Scrolls
 f - 2 scrolls of remove curse
Potions
 a - a potion of curing
 c - a potion of heal wounds
 e - a potion of haste
 g - 3 potions of agility
 i - a potion of ambrosia
Comestibles
 b - 8 rations


   Skills:
 + Level 4.0 Fighting
 - Level 4.0 Dodging
 - Level 4.0 Stealth
 + Level 3.0 Spellcasting
 - Level 1.0 Conjurations
 * Level 4.1 Poison Magic


You had one spell level left.
You knew the following spells:

 Your Spells              Type           Power        Failure   Level  Hunger
a - Sting                 Conj/Pois      ##..         5%          1    None
b - Poisonous Vapours     Pois/Air       ##....       10%         2    ##.....
c - Mephitic Cloud        Conj/Pois/Air  #.......     22%         3    ###....
d - Olgreb's Toxic Radia  Pois           ###.....     28%         4    ####...

Your spell library contained the following spells:

 Spells                   Type           Power        Failure   Level  Hunger
 Venom Bolt               Conj/Pois      ##........   83%         5    ######.


Dungeon Overview and Level Annotations

Branches:
Dungeon (4/15)
 Temple: D:4-7

Altars:


Innate Abilities, Weirdness & Mutations

You cannot wear most types of armour.
You are very stealthy in the water. (Stealth+)
You are amphibious.
You can wear up to eight rings at the same time.
You can use your tentacles to constrict eight enemies at once.
Your skin changes colour to match your surroundings (Stealth+).
Your rubbery body absorbs attacks. (AC +1, EV +1)


Message History

You completely miss something. Something hits you.
* * * LOW HITPOINT WARNING * * *
Something hits you but does no damage.
Unknown command.
You feel better. Something hits you.
You closely miss something. Your squeeze misses something. Something hits you.
You barely miss something. Something hits you. x2
You barely miss something. Something hits you.
You closely miss something. Something barely misses you.
You hear some strange, mumbled words.
You are confused.
You hear some strange, mumbled words.
A magic dart appears from out of thin air!
The magic dart hits you!
* * * LOW HITPOINT WARNING * * *
You bump into the stone wall.
You hear some strange, mumbled words.
A puff of flame appears from out of thin air!
The puff of flame hits you!
You die...

#........# ########
........# #....... .......#
#......† ......# #.......
.....# #....... ....###
######## #.....# ##....##
#)....# #....... #@)...#
#....... #{....# #.......
####.....# ##....##
#.....#+##+####)...##
#.....#.....#.......#......
#.....#.....#.......#......
#.....#.....#.......#......
#.....#.....'......####'###
#.....#.....#......##......


There were no monsters in sight!

Vanquished Creatures
  A hound (D:4)
  2 iguanas (D:3)
  Terence (D:3)
  An orc wizard (D:3)
  Natasha (D:2)
  9 adders
  3 gnolls (D:2)
  3 oozes
  2 dart slugs (D:2)
  3 worms
  14 orcs
  7 bats
  A giant cockroach (D:2)
  5 goblins
  10 hobgoblins
  2 jackals (D:2)
  2 quokkas
  4 frilled lizards
  6 kobolds
  A leopard gecko skeleton (D:4)
  9 rats
87 creatures vanquished.

Notes
Turn   | Place    | Note
-------+----------+-------------------------------------------
     0 | D:1      | inmateoo the Octopode Venom Mage began the quest for the Orb.
     0 | D:1      | Reached XP level 1. HP: 11/11 MP: 3/3
   418 | D:1      | Reached XP level 2. HP: 18/18 MP: 5/5
   440 | D:1      | Reached skill level 1 in Fighting
  1369 | D:2      | Reached XP level 3. HP: 21/24 MP: 6/6
  1466 | D:2      | Learned a level 2 spell: Poisonous Vapours
  1470 | D:2      | Learned a level 3 spell: Mephitic Cloud
  1902 | D:2      | Reached XP level 4. HP: 16/31 MP: 4/7
  2424 | D:2      | Noticed Natasha
  2432 | D:2      | Killed Natasha
  2432 | D:2      | Reached XP level 5. HP: 19/37 MP: 4/8
  2907 | D:3      | Noticed Terence
  2919 | D:3      | Killed Terence
  3128 | D:3      | Reached XP level 6. HP: 21/43 MP: 3/10
  3755 | D:3      | Learned a level 4 spell: Olgreb's Toxic Radiance
  4167 | D:4      | Killed from afar by an orc wizard

Skill      XL: |  1  2  3  4  5  6 |
---------------+-------------------+-----
Poison Magic   | 4 |  4.1
Fighting       | 2 3 4 |  4.0
Stealth        | 3 4 |  4.0
Dodging        | 4 |  4.0
Spellcasting   | 3 |  3.0
Conjurations   | |  1.0

Action                   |  1- 3 |  4- 6 || total
-------------------------+-------+-------++-------
Melee: Unarmed           |    84 |       ||    84
       Tentacles         |    19 |    17 ||    36
       Constrict         |    18 |    19 ||    37
       Spear             |       |    42 ||    42
       Halberd           |       |    85 ||    85
 Cast: Poisonous Vapours |     5 |    15 ||    20
       Sting             |     5 |     5 ||    10
       Mephitic Cloud    |       |     1 ||     1
       Olgreb's Toxic Ra |       |     1 ||     1
  Use: Scroll            |     5 |     7 ||    12
       Potion            |       |     1 ||     1
 Stab: Sleeping          |     5 |    16 ||    21
  Eat: Chunk             |     3 |     9 ||    12
Armor: Skin              |     6 |     6 ||    12
Dodge: Dodged            |    52 |    66 ||   118
